Map: Eternal Empire LE

Players

RyuKey - Winner!

  • Race: Terran Terran
  • League: Diamond
  • Spawn Location: 7:00

AlphaStar

  • Race: Zerg Zerg
  • League: Diamond
  • Spawn Location: 1:00

VOD

Have the link to the VOD?

Description

Time

  • Played on: June 22, 2020, 6:33 p.m.
  • Length: 28:59
Show
View Real Time Build Order
Export as new Build Order

RyuKey Terran - Winner!

Build Orders: Reaper Expand 

Get SALT Encoding   

  12  0:00  SCV  
  13  0:12  SCV  
  14  0:18  Supply Depot  
  14  0:25  SCV  
  15  0:39  SCV  
  15  0:41  Barracks  
  16  0:46  Refinery  
  16  0:52  SCV  
  17  1:04  SCV  
  18  1:16  SCV  
  19  1:29  Orbital Command  
  19  1:30  Reaper  
  20  1:44  Command Center  
  19  1:58  Supply Depot  
  19  1:59  SCV  
  20  2:08  Barracks Reactor  
  20  2:11  SCV  
  21  2:16  Refinery  
  21  2:23  SCV, Factory  
  22  2:35  SCV  
  22  2:47  SCV  
  25  2:52  Reaper  
  25  2:53  Marine  
  25  2:59  SCV, Command Center  
  26  3:08  Supply Depot  
  26  3:11  SCV  
  27  3:26  SCV  
  28  3:32  Starport  
  28  3:37  Hellion  
  28  3:38  Hellion  
  28  3:39  SCV  
  33  3:46  Marine  
  34  3:51  SCV, Bunker  
  35  4:03  SCV  
  35  4:06  Hellion  
  35  4:09  Starport Tech Lab, Marine  
  39  4:11  Hellion  
  39  4:13  Supply Depot  
  39  4:15  Supply Depot, Orbital Command  
  41  4:17  Supply Depot  
  41  4:21  SCV  
  42  4:28  Marine  
  43  4:32  Banshee  
  43  4:33  SCV  
  43  4:36  Orbital Command  
  47  4:43  Cloaking Field  
  51  4:53  Widow Mine  
  50  5:00  SCV  
  50  5:15  Banshee  
  50  5:18  Supply Depot  
  51  5:49  Marine  
  52  5:52  Hellion  
  54  5:58  Banshee  
  54  6:00  Barracks  
  54  6:02  Barracks  
  54  6:03  Barracks  
  57  6:05  Command Center  
  56  6:11  SCV  
  56  6:15  Hyperflight Rotors  
  56  6:18  Marine  
  50  6:32  Supply Depot, Factory Tech Lab  
  48  6:39  SCV x2  
  51  6:41  Banshee  
  53  6:49  Marine  
  53  6:51  SCV x2, Barracks Tech Lab  
  53  6:52  Barracks Reactor  
  53  6:53  Barracks Tech Lab  
  56  6:57  Marine  
  56  6:58  Siege Tank  
  56  6:59  Supply Depot  
  60  7:03  SCV x2, Refinery  
  60  7:04  Refinery  
  60  7:06  Marine  
  63  7:09  Marine  
  63  7:15  SCV x2, Marine  
  66  7:24  Marine  
  66  7:27  SCV, Banshee  
  66  7:28  SCV  
  66  7:29  Combat Shield, Stimpack  
  71  7:37  Marine x4  
  71  7:39  SCV  
  76  7:46  SCV, Marine x2  
  79  7:51  SCV  
  79  7:54  Marine  
  79  7:55  Marine  
  79  7:56  Marine x2  
  84  8:02  SCV  
  84  8:04  Marine x2  
  87  8:08  SCV  
  88  8:14  SCV  
  89  8:23  Marine x6  
  89  8:24  Siege Tank  
  89  8:25  SCV  
  97  8:32  Banshee  
  100  8:37  Orbital Command  
  100  8:40  SCV  
  100  8:41  Engineering Bay  
  97  8:42  Engineering Bay  
  97  8:44  Marine x4  
  101  8:49  SCV  
  101  8:52  SCV, Marine x2  
  105  8:56  Siege Tank  
  105  9:01  SCV  
  105  9:02  Marine x4  
  113  9:04  SCV  
  84  9:38  Marine x3  
  84  9:39  Marine x3, Siege Tank  
  84  9:44  SCV x3  
  96  9:56  SCV, Marine x4  
  96  9:57  Marine x2  
  96  9:59  SCV x2  
  105  10:07  Starport  
  105  10:08  SCV  
  105  10:11  SCV, Starport Reactor  
  107  10:14  Marine x2  
  107  10:15  Marine x2  
  107  10:18  Marine  
  109  10:35  Siege Tank  
  109  10:36  Marine  
  109  10:37  Marine  
  109  10:40  SCV  
  103  11:17  Medivac x3  
  103  11:19  Concussive Shells  
  103  11:20  Marauder, Marine  
  103  11:21  Marauder, Marine x3  
  103  11:23  SCV x2  
  113  11:31  SCV  
  113  11:32  Terran Infantry Weapons Level 1, Terran Infantry Armor Level 1  
  114  11:34  Supply Depot  
  114  11:38  Marine x3  
  117  11:43  Supply Depot  
  117  11:47  SCV, Medivac x2, Marauder, Marine  
  125  11:55  Marine  
  125  11:56  SCV x2, Marine x2  
  125  11:59  SCV  
  131  12:05  Marine x2  
  131  12:06  Siege Tank  
  131  12:08  SCV, Marine  
  138  12:11  SCV  
  138  12:13  Marine  
  138  12:14  Marine  
  141  12:19  Orbital Command  
  141  12:20  SCV  
  141  12:21  Marine  
  140  12:23  Marine  
  141  12:35  Refinery  
  141  12:38  Refinery  
  141  12:40  Marine x2  
  141  12:41  Marine x3  
  135  12:48  Marine  
  135  12:49  Siege Tank  
  135  12:50  SCV x2, Medivac  
  140  12:58  Medivac, Marine x2  
  140  12:59  Marine  
  139  13:33  Marine  
  139  13:34  Marine x5  
  129  13:40  Siege Tank  
  129  13:41  Medivac x3  
  128  13:51  Marine x3  
  128  13:53  Marine x3  
  134  14:09  Marine x3  
  134  14:11  Marine x3  
  134  14:13  Siege Tank  
  139  14:27  Marine x3  
  140  14:38  Marine x3  
  122  14:45  Marine x3  
  113  14:51  Armory, SCV  
  114  14:53  SCV  
  114  14:54  SCV  
  114  14:56  Marine x3  
  119  15:02  Marine  
  119  15:04  SCV, Marine  
  119  15:05  Marine  
  119  15:06  SCV x2  
  125  15:13  Command Center, Marine  
  125  15:14  Marine x2  
  126  15:16  SCV  
  126  15:20  Marine  
  130  15:22  Marine x2  
  130  15:27  Siege Tank  
  135  15:31  Marine x2  
  135  15:32  SCV, Marine  
  135  15:35  Banshee  
  138  15:37  Liberator  
  138  15:38  Marine, Liberator  
  138  15:40  Marine x2  
  147  15:45  Barracks  
  147  15:46  Terran Infantry Armor Level 2, Terran Infantry Weapons Level 2, Barracks  
  147  15:47  Factory  
  147  15:48  SCV, Barracks  
  148  16:05  Supply Depot  
  148  16:06  Supply Depot x2  
  148  16:10  Supply Depot x2  
  148  16:11  Supply Depot  
  148  16:16  Supply Depot  
  148  16:19  Marine  
  148  16:23  Supply Depot  
  148  16:24  Marine x5, Banshee  
  148  16:25  Siege Tank  
  160  16:26  Medivac x2  
  164  16:37  Barracks Reactor, Marine, Barracks Tech Lab x2  
  165  16:42  Marine x5  
  158  16:54  Marine x2  
  158  16:57  Siege Tank  
  158  17:00  Marine x6  
  169  17:12  Marine x2  
  171  17:18  Marine x5  
  176  17:23  Planetary Fortress  
  176  17:29  SCV, Siege Tank  
  180  17:41  Unknown  
  174  18:01  Marine x3, Siege Tank  
  174  18:02  Marine x6  
  186  18:19  Marine  
  186  18:20  Marine x8  
  186  18:21  Medivac x2  
  186  18:22  Terran Infantry Weapons Level 3, Terran Infantry Armor Level 3  
  196  18:33  Marine, Siege Tank  
  197  18:37  Marine x2  
  197  18:38  Marine  
  197  18:48  Marine x3  
  160  20:09  Marine x7  
  160  20:10  Siege Tank  
  156  20:41  Marine x10  
  156  20:42  Siege Tank  
  163  20:47  Liberator x3  
  151  20:59  Marine x5  
  151  21:03  Marine x3  
  151  21:04  Marine x2  
  155  21:14  Siege Tank  
  155  21:16  Marine  
  155  21:17  Marine x4  
  149  21:21  Marine x5  
  149  21:30  Medivac x2  
  149  21:34  Marine x2  
  136  21:52  Marine x9  
  136  21:53  Medivac, Marine, Siege Tank  
  151  21:57  SCV  
  151  22:00  Medivac x2  
  155  22:10  Marine x3  
  155  22:11  Marauder x3  
  152  22:26  Command Center  
  152  22:28  Refinery  
  152  22:31  Refinery  
  152  22:35  Marine x10  
  152  22:36  Medivac x2, Siege Tank  
  169  22:40  Factory Tech Lab  
  169  22:46  Banshee  
  172  22:52  Marine  
  172  22:53  Marine x6  
  172  22:54  Marine x3  
  172  22:55  Command Center  
  172  22:58  Hi-Sec Auto Tracking  
  182  23:00  Terran Vehicle Weapons Level 1  
  182  23:01  Siege Tank  
  185  23:08  Siege Tank  
  185  23:09  Fusion Core  
  185  23:10  Marine x4  
  185  23:12  SCV  
  193  23:13  SCV x3  
  193  23:18  Marauder x2  
  165  24:49  Marine x10  
  165  24:50  Widow Mine  
  173  25:04  Viking  
  173  25:05  Viking x2  
  179  25:07  Marine x3  
  178  25:26  Terran Vehicle Weapons Level 2  
  178  25:34  Viking  
  163  25:36  Marine x10  
  171  25:53  Planetary Fortress, Marine  
  171  25:54  Marauder, Marine x7  
  171  25:55  Marauder  
  182  26:18  Viking  
  182  26:19  Viking x2  
  187  26:48  Viking x2  
  187  26:49  Viking  
  193  26:55  Marine  
  193  26:56  Marine x6  
  195  28:25  Command Center  
  193  28:29  Refinery  
  193  28:31  Refinery  
Show
View Real Time Build Order
Export as new Build Order

AlphaStar Zerg 

Build Orders: Pool First 

Get SALT Encoding   

  12  0:01  Drone  
  13  0:12  Overlord  
  13  0:16  Drone  
  14  0:31  Drone x2  
  14  0:35  Drone  
  17  0:46  Spawning Pool  
  17  0:49  Drone  
  17  1:12  Hatchery  
  17  1:14  Extractor  
  17  1:16  Drone  
  16  1:19  Drone  
  17  1:33  Zergling x4  
  17  1:39  Queen  
  21  1:59  Zergling x2  
  21  2:00  Overlord  
  22  2:17  Queen  
  22  2:21  Metabolic Boost  
  24  2:23  Drone x2  
  24  2:24  Drone  
  24  2:26  Drone  
  28  2:36  Zergling x2  
  29  2:41  Queen  
  30  3:06  Hatchery  
  30  3:10  Drone x2  
  31  3:19  Drone  
  30  3:29  Drone  
  30  3:33  Drone x5  
  36  3:48  Roach Warren  
  36  3:49  Overlord  
  34  3:59  Overlord  
  34  4:22  Zergling x2  
  34  4:23  Zergling x4  
  37  4:24  Drone  
  37  4:25  Drone x2  
  37  4:27  Queen  
  37  4:29  Roach x2  
  46  4:31  Roach  
  46  4:32  Roach x2  
  46  4:33  Roach  
  46  4:34  Zergling x2  
  55  4:53  Ravager  
  55  4:54  Ravager  
  55  4:55  Overlord  
  55  4:59  Extractor  
  56  5:00  Lair  
  56  5:04  Drone x2  
  56  5:13  Roach x2  
  56  5:14  Zergling x2  
  60  5:17  Queen  
  57  5:46  Spore Crawler  
  57  5:47  Drone  
  54  5:51  Hatchery  
  53  5:57  Overseer  
  53  6:00  Ravager  
  54  6:06  Drone x5  
  54  6:10  Drone x4, Extractor  
  54  6:11  Zergling x2, Overlord  
  59  6:29  Queen  
  61  6:33  Drone x9  
  61  6:39  Spire  
  69  6:40  Spore Crawler  
  69  6:42  Drone x3  
  69  6:43  Drone  
  72  6:50  Zergling x4  
  74  7:01  Overlord x2, Spore Crawler  
  72  7:27  Zergling x8, Roach  
  72  7:28  Zergling x8, Roach x2  
  85  7:32  Glial Reconstitution  
  85  7:33  Baneling Nest, Extractor  
  85  7:36  Drone x5, Extractor  
  87  7:37  Extractor  
  86  7:51  Mutalisk x3  
  92  8:02  Queen  
  92  8:03  Queen  
  92  8:05  Mutalisk  
  93  8:29  Mutalisk  
  93  8:31  Drone x4  
  95  8:44  Zergling x2, Overlord  
  95  8:45  Overlord x2  
  96  8:59  Hatchery  
  81  9:19  Zergling x6, Roach x4  
  92  9:28  Mutalisk x4  
  84  9:31  Mutalisk x2  
  84  9:32  Zergling x2  
  80  9:44  Mutalisk x3  
  83  9:53  Mutalisk  
  83  9:57  Overseer  
  81  10:04  Zergling x2  
  82  10:12  Spore Crawler  
  82  10:13  Ravager  
  81  10:15  Zergling x2  
  81  10:17  Drone x3  
  81  10:18  Drone x4  
  81  10:19  Zergling x4  
  90  10:22  Spore Crawler  
  90  10:24  Spore Crawler  
  87  10:40  Overlord x2  
  87  10:42  Roach x3  
  93  10:53  Centrifical Hooks  
  93  10:59  Drone x6  
  93  11:00  Zergling x4, Roach  
  93  11:01  Roach  
  97  11:19  Zergling x2  
  97  11:20  Zergling x10  
  103  11:29  Drone x2  
  103  11:30  Overlord, Drone  
  103  11:31  Unknown  
  105  11:33  Spine Crawler  
  105  11:34  Spine Crawler  
  103  11:42  Zerg Flyer Weapons Level 1, Evolution Chamber  
  102  11:48  Evolution Chamber, Drone  
  102  11:49  Drone x6  
  102  11:51  Roach  
  108  12:10  Spore Crawler  
  107  12:17  Baneling  
  107  12:18  Baneling x6  
  106  12:31  Roach  
  106  12:32  Roach x2  
  106  12:33  Zerg Missile Weapons Level 1  
  106  12:34  Zerg Melee Weapons Level 1  
  105  12:46  Zergling x10, Roach x2  
  105  12:47  Zergling x4  
  105  12:48  Zergling x4  
  114  12:56  Zergling x4  
  116  13:02  Ravager x2  
  118  13:06  Baneling x6  
  118  13:07  Ravager  
  118  13:08  Baneling x2  
  118  13:12  Zergling x4  
  121  13:13  Baneling x2  
  121  13:16  Spine Crawler  
  119  13:33  Zergling x2  
  119  13:34  Roach  
  100  13:35  Zergling x4  
  100  13:36  Zergling x2  
  100  13:39  Mutalisk x3  
  100  13:40  Zergling x2  
  94  13:48  Zergling x2  
  94  13:49  Zergling x6  
  94  13:55  Ravager x2  
  98  13:56  Zergling x4  
  98  13:57  Zergling x2  
  98  13:58  Baneling x2  
  98  14:02  Mutalisk  
  101  14:05  Zergling x2  
  101  14:08  Baneling  
  101  14:09  Baneling  
  104  14:16  Zergling x2  
  105  14:17  Baneling x4  
  105  14:18  Baneling  
  105  14:19  Zergling x2  
  105  14:20  Zergling x2  
  94  14:37  Zergling x4, Roach x2  
  90  14:38  Zergling x2, Roach  
  90  14:41  Zergling x6  
  90  14:45  Mutalisk  
  79  14:51  Drone x3  
  83  14:52  Drone  
  83  15:04  Drone x2  
  83  15:05  Drone x4  
  89  15:12  Zerg Ground Armor Level 1  
  89  15:19  Infestation Pit  
  88  15:21  Baneling x4  
  88  15:22  Baneling x3  
  88  15:33  Queen  
  89  15:42  Mutalisk  
  91  15:43  Mutalisk  
  91  15:49  Mutalisk  
  93  15:50  Mutalisk  
  93  15:51  Hatchery  
  93  15:52  Mutalisk  
  93  15:56  Drone x2  
  100  16:08  Zerg Missile Weapons Level 2  
  100  16:09  Mutalisk x3  
  106  16:13  Ravager x2  
  106  16:14  Ravager  
  106  16:15  Zergling x2  
  106  16:16  Zergling x2  
  111  16:21  Zergling x6  
  111  16:22  Zergling x2  
  111  16:23  Zergling x2  
  116  16:30  Mutalisk  
  116  16:31  Zergling x2  
  119  16:33  Overlord x2  
  111  16:50  Zergling x4  
  111  16:53  Mutalisk x3  
  117  16:54  Zergling x2  
  117  16:55  Zergling x2, Overlord  
  117  16:56  Zergling x2  
  122  17:13  Spore Crawler  
  121  17:17  Drone x2  
  121  17:18  Drone x6  
  121  17:19  Zergling x4  
  121  17:20  Zergling x4  
  133  17:26  Drone  
  134  17:32  Spine Crawler  
  134  17:35  Drone x7  
  140  17:40  Zergling x4  
  140  17:41  Baneling x3  
  140  17:42  Baneling x4  
  140  17:44  Overlord, Spine Crawler  
  137  17:54  Zergling x6, Roach  
  137  17:55  Zergling x2  
  137  17:56  Zergling x4  
  137  17:57  Zergling x2  
  140  18:20  Mutalisk x2  
  140  18:21  Zergling x2  
  145  18:32  Zergling x4, Roach x2  
  141  18:35  Zergling x2, Overlord  
  141  18:36  Zergling x10  
  143  18:46  Overseer  
  139  18:52  Mutalisk  
  139  18:53  Mutalisk x5  
  139  18:54  Zergling x4, Mutalisk  
  154  18:56  Queen  
  154  19:01  Zerg Ground Armor Level 2  
  153  19:03  Hive  
  153  19:09  Overseer  
  153  19:13  Baneling x2  
  153  19:14  Mutalisk, Baneling x6  
  153  19:15  Mutalisk  
  155  19:29  Mutalisk x3  
  155  19:31  Overlord x2  
  151  19:48  Overlord x2  
  136  19:58  Zergling x4, Mutalisk, Roach  
  136  19:59  Zergling x6, Mutalisk x2, Roach x2  
  141  20:00  Zergling x2  
  141  20:06  Baneling  
  141  20:07  Baneling x6  
  141  20:08  Mutalisk  
  141  20:09  Zergling x2  
  141  20:13  Queen  
  118  20:36  Zergling x4, Roach x2  
  118  20:40  Zergling x2, Mutalisk x3  
  118  20:41  Zergling x4  
  106  20:57  Zergling x4, Roach x2  
  106  21:02  Zergling x8, Roach x4  
  106  21:03  Baneling  
  106  21:04  Baneling  
  106  21:08  Zergling x2  
  106  21:09  Zergling x2  
  106  21:17  Zergling x4, Roach  
  106  21:18  Zergling x2, Roach x2  
  102  21:21  Mutalisk x2  
  102  21:23  Baneling  
  102  21:24  Baneling x2  
  101  21:39  Zergling x2, Roach  
  93  21:43  Mutalisk  
  93  21:44  Mutalisk x4  
  98  21:55  Drone x3  
  98  21:57  Zergling x6  
  98  21:58  Zergling x2  
  98  22:00  Mutalisk x2  
  108  22:15  Greater Spire  
  106  22:21  Drone x5  
  111  22:34  Baneling x5  
  111  22:35  Mutalisk, Corruptor, Baneling x4  
  111  22:36  Hatchery  
  114  22:38  Zergling x4  
  116  22:45  Corruptor x2  
  120  22:59  Queen  
  120  23:04  Corruptor  
  124  23:07  Corruptor  
  124  23:09  Roach  
  124  23:10  Zergling x6  
  124  23:11  Zergling x2, Overlord x2  
  132  23:15  Spine Crawler  
  132  23:18  Spine Crawler  
  130  23:23  Overseer  
  126  23:35  Brood Lord  
  126  23:37  Brood Lord x2  
  126  23:38  Brood Lord  
  134  23:42  Extractor  
  133  23:54  Corruptor x2  
  133  23:55  Corruptor  
  139  23:56  Overlord  
  139  23:57  Infestor  
  139  23:59  Corruptor  
  139  24:00  Corruptor  
  139  24:01  Zergling x4  
  147  24:11  Roach, Corruptor x3  
  155  24:20  Brood Lord, Corruptor x2  
  155  24:21  Corruptor  
  156  24:36  Corruptor  
  96  24:46  Zergling x2, Roach  
  96  24:51  Zergling x4  
  96  24:52  Zergling x6  
  85  24:58  Zergling x2  
  85  24:59  Zergling x38  
  89  25:13  Baneling  
  89  25:14  Baneling x3  
  26  26:08  Hatchery  
  26  26:11  Overlord x2  
  22  26:15  Unknown  
  18  26:27  Extractor  
  18  26:28  Hatchery  
  18  26:30  Hatchery  
  18  26:31  Extractor  
  12  26:34  Extractor  
Tags
 
Add a new tag
Caveats
  • Supply blocks, unpowered buildings, or Contaminate may cause inaccurate times.
  • Supply counts are checked every 10 seconds.